 Dungeon Crawl Stone Soup version 0.29-a0-371-g91724d5b39 (webtiles) character file.

Game seed: 10096731172646053486

87 Sweeb the Slasher (level 4, 0/26 HPs)
             Began as a Tengu Gladiator on May 3, 2022.
             Slain by a gnoll
             ... wielding a +1 halberd of venom
              (12 damage)
             ... on level 3 of the Dungeon.
             The game lasted 00:02:16 (1416 turns).

Sweeb the Slasher (Tengu Gladiator)                 Turns: 1416, Time: 00:02:16

Health: 0/26       AC:  3    Str: 15    XL:     4   Next: 51%
Magic:  5/5        EV: 13    Int:  8    God:
Gold:   139        SH:  0    Dex: 17    Spells: 3/3 levels left

rFire   . . .      SeeInvis .   a - +0 long sword
rCold   . . .      Faith    .   (no shield)
rNeg    . . .      Spirit   .   b - +0 leather armour
rPois   .          Reflect  .   c - +0 hat
rElec   .          Harm     .   (no cloak)
rCorr   .          Rampage  .   (no gloves)
Will    .....                   (boots unavailable)
Stlth   +.........              i - amulet of magic regeneration
HPRegen 0.08/turn               (no ring)
MPRegen 0.49/turn               (no ring)

@: no status effects
A: beak, talons 3
a: no special abilities


You were on level 3 of the Dungeon.
You visited 1 branch of the dungeon, and saw 3 of its levels.

You collected 139 gold pieces.

Inventory:

Hand Weapons
 a - a +0 long sword (weapon)
Missiles
 d - a throwing net (quivered)
 e - a javelin
Armour
 b - a +0 leather armour (worn)
 c - a +0 hat (worn)
Jewellery
 i - an amulet of magic regeneration (around neck)
 m - a ring of wizardry
Scrolls
 f - a scroll of teleportation
 g - a scroll of magic mapping
Potions
 h - a potion of heal wounds
 j - a potion of attraction {unknown}
 l - a potion of curing {unknown}
 n - a potion of mutation {unknown}


   Skills:
 + Level 2.2 Fighting
 * Level 4.7 Long Blades
 - Level 2.0 Throwing
 + Level 1.1 Armour
 + Level 3.9 Dodging
 + Level 0.3 Stealth


You had 3 spell levels left.
You didn't know any spells.
Your spell library was empty.

Dungeon Overview and Level Annotations

Branches:
Dungeon (2/15)

Altars:


Innate Abilities, Weirdness & Mutations

You have a beak for a mouth.
You have claws for feet.


Message History

The quokka barely misses you. The quokka misses you.
A gnoll comes into view. It is wielding a +1 halberd of venom.
The quokka closely misses you. The quokka bites you.
You hit the quokka but do no damage. You claw the quokka.
You kill the quokka!
The quokka bites you.
You hit the quokka. Your peck misses the quokka.
You punch the quokka, but do no damage.
The quokka is moderately wounded.
The quokka misses you.
You slash the quokka!
You kill the quokka!
You closely miss the gnoll. The gnoll closely misses you.
The gnoll hits you with a +0 club. The gnoll attacks as you move away!
The gnoll completely misses you.
You hit the gnoll but do no damage. You claw the gnoll, but do no damage.
The gnoll hits you with a +0 club.
You hit the gnoll but do no damage. The gnoll closely misses you.
You slash the gnoll! You claw the gnoll. You peck the gnoll.
You kill the gnoll!
Your Armour skill increases to level 1!
You completely miss the gnoll. You peck the gnoll.
The gnoll is lightly wounded.
The gnoll hits you but does no damage.
You hit the gnoll but do no damage. You claw the gnoll!
You kill the gnoll!
The gnoll barely misses you.
Throw: 3 throwing nets
Press: ? - help, Q - select action, (/) - cycle Shift-Dir - straight line, f - gnoll
Aim: a gnoll, wielding a +1 halberd of venom (65% to hit)
You throw a throwing net.
The throwing net completely misses the gnoll.
The gnoll closely misses you.
Throw: 2 throwing nets
Press: ? - help, Q - select action, (/) - cycle Shift-Dir - straight line, f/p - gnoll
Aim: a gnoll, wielding a +1 halberd of venom (65% to hit)
You throw a throwing net.
The throwing net closely misses the gnoll.
The gnoll hits you from afar with a +1 halberd of venom!
You die...

#.# .. ..#
#. #.# ##.
#.# .. #.#
##.##$ ##.#
....(.##.#.#
#g)###..
#.#@# ###
#)##.# #g#
.# #g# .#
... .# ..#
## ###


You could see a gnoll.

Vanquished Creatures
  3 gnolls (D:3)
  2 adders (D:2)
  4 endoplasms
  6 goblins
  4 hobgoblins (D:1)
  4 quokkas
  4 ball pythons
  A bat (D:1)
  4 frilled lizards
  7 kobolds
  2 rats (D:1)
41 creatures vanquished.

Notes
Turn   | Place    | Note
-------+----------+-------------------------------------------
     0 | D:1      | Sweeb the Tengu Gladiator began the quest for the Orb.
     0 | D:1      | Reached XP level 1. HP: 12/12 MP: 2/2
    92 | D:1      | Reached XP level 2. HP: 10/17 MP: 3/3
   561 | D:1      | Reached skill level 4 in Long Blades
   583 | D:1      | Reached XP level 3. HP: 21/21 MP: 4/4
  1396 | D:2      | You fall into a shaft and drop 1 floor!
  1403 | D:3      | Reached XP level 4. HP: 23/26 MP: 5/5
  1413 | D:3      | Reached skill level 1 in Armour
  1416 | D:3      | Slain by a gnoll

Illustrated notes

Levels and vault maps discovered:
D:1:      onia_arrival_pyramid, layout_basic
D:2:      layout_basic, hangedman_decor_slide_cut
D:3:      layout_loops_ring, uniq_sigmund, uniq_grinder, uniq_natasha

Skill      XL: |  1  2  3  4 |
---------------+-------------+-----
Long Blades    | 4 |  4.7
Armour         | 1 |  1.1
Fighting       | |  2.2
Throwing       | |  2.0
Dodging        | |  3.9
Stealth        | |  0.3

Action                   |  1- 3 |  4- 6 || total
-------------------------+-------+-------++-------
Melee: Long sword        |    68 |    10 ||    78
       Kick              |    10 |     5 ||    15
       Peck              |     6 |     2 ||     8
       Punch             |     1 |     1 ||     2
Throw: Throwing net      |       |     2 ||     2
  Use: Scroll            |     4 |       ||     4
       Potion            |     1 |       ||     1
 Stab: Sleeping          |     1 |       ||     1
Armor: Leather armour    |    11 |     1 ||    12
Dodge: Dodged            |    36 |     9 ||    45

Table legend: (Time is in decaauts)
 A = Elapsed time spent in this place.
 B = Non-inter-level travel time spent in this place.
 C = Inter-level travel time spent in this place.
 D = Time resting spent in this place.
 E = Time spent auto-exploring this place.
 F = Levels seen in this place.
 G = Mean time per level.
                   A        B        C        D        E       F      G
               +--------+--------+--------+--------+--------+-----+--------+
         Total |   1431 |   1414 |     17 |    339 |    811 |   3 |  477.0 |
       Dungeon |   1431 |   1414 |     17 |    339 |    811 |   3 |  477.0 |
               +--------+--------+--------+--------+--------+-----+--------+

Top non-repeatable levels by time:
     D:1: 924 daAuts
     D:2: 484 daAuts
     D:3: 21 daAuts
